 Dungeon Crawl Stone Soup version 0.17-a0-1378-g281efdd (webtiles) character file.

88 Steifyn the Cudgeler (level 4, -6/44 HPs)
             Began as a Troll Berserker on June 14, 2015.
             Was a Believer of Trog.
             Mangled by a killer bee (8 damage)
             ... on level 3 of the Dungeon.
             The game lasted 00:08:53 (1035 turns).

Steifyn the Cudgeler (Troll Berserker)              Turns: 1035, Time: 00:08:53

Health: -6/44      AC:  5    Str: 26    XL:     4   Next: 30%
Magic:  3/3        EV:  6    Int:  3    God:    Trog [**....]
Gold:   85         SH: 13    Dex:  9    Spells: 0 memorised, 3 levels left

rFire  . . .     SeeInvis .     a - +0 mace
rCold  . . .     Clarity  .     b - +0 animal skin
rNeg   . . .     SustAt   .     f - +0 large shield
rPois  .         Gourm    +     (helmet restricted)
rElec  .         Spirit   .     (no cloak)
rCorr  .         Warding  .     (gloves unavailable)
rMut   .         Stasis   .     (boots unavailable)
MR     +....                    g - amulet of regeneration
Stlth  +.........               (no ring)
                                e - ring of protection from magic

@: lethally poisoned (-6 -> -7), somewhat resistant to hostile enchantments,
very unstealthy
A: unfitting armour, claws 3, fast metabolism 3, gourmand, regeneration 2,
shaggy fur 1, tough skin 2
a: Burn Spellbooks, Berserk, Trog's Hand, Renounce Religion


You were on level 3 of the Dungeon.
You worshipped Trog.
Trog was pleased with you.
You were not hungry.

You visited 1 branch of the dungeon, and saw 4 of its levels.

You collected 85 gold pieces.

Inventory:

Hand weapons
 a - a +0 mace (weapon)
Armour
 b - a +0 animal skin (worn)
 f - a +0 large shield (worn)
Jewellery
 e - a ring of protection from magic (left claw)
 g - an amulet of regeneration (around neck)
Potions
 d - a potion of invisibility {unknown}
 h - a potion of resistance {unknown}
 j - a potion of might {unknown}
Comestibles
 c - 2 bread rations


   Skills:
 + Level 2.9 Fighting
 + Level 3.1 Maces & Flails
 + Level 3.1 Dodging
 + Level 0.1 Stealth
 + Level 1.5 Shields


You had 3 spell levels left.
You didn't know any spells.

Dungeon Overview and Level Annotations

Branches:
Dungeon (4/15)
 Temple: D:4-7

Altars:
Ru


Innate Abilities, Weirdness & Mutations

You are too large for most types of armour.
You have claws for hands.
Your metabolism is lightning-fast.
You like to eat raw meat.
You heal very quickly.
You are covered in fur (AC +1).
You have very tough skin (AC +2).


Message History

The giant newt bites you but does no damage.
You block the killer bee's attack.
You feel sick. The killer bee stings you.
* * * LOW HITPOINT WARNING * * *
* * * LOW HITPOINT WARNING * * *
You feel sick. The killer bee barely misses you.
* * * LOW HITPOINT WARNING * * *
You feel sick. You block the killer bee's attack.
There is a stone staircase leading up here.
You can't go down here!
You feel sick. You block the killer bee's attack.
The killer bee stings you but does no damage.
You climb upwards.
* * * LOW HITPOINT WARNING * * *
You feel sick.
There is a stone staircase leading down here.
* * * LOW HITPOINT WARNING * * *
You feel sick. You block the killer bee's attack.
You feel sick. The killer bee stings you!
You die...

####.#
#.####
#....#.#
#....#.###
##...#...#
#.....#
#.....#
#..?..#
##@..##
#.y.#
#...#
#####


You could see a killer bee.

Vanquished Creatures
  A killer bee (D:4)
  An adder (D:3)
  A worm (D:2)
  A giant gecko (D:2)
  4 orcs (D:3)
  A giant cockroach (D:2)
  5 goblins
  3 hobgoblins
  3 bats
  5 giant newts
  6 kobolds
  3 rats
34 creatures vanquished.

Vanquished Creatures (others)
  A worker ant (D:4)
  A hobgoblin (D:3)
2 creatures vanquished.

Grand Total: 36 creatures vanquished

Notes
Turn   | Place    | Note
--------------------------------------------------------------
     0 | D:1      | Steifyn the Troll Berserker began the quest for the Orb.
     0 | D:1      | Reached XP level 1. HP: 22/22 MP: 0/0
   366 | D:1      | Reached XP level 2. HP: 23/29 MP: 1/1
   644 | D:2      | Acquired Trog's second power
   707 | D:3      | Reached skill level 1 in Shields
   832 | D:3      | Reached XP level 3. HP: 36/36 MP: 2/2
   840 | D:3      | Found a sacrificial altar of Ru.
   905 | D:3      | Reached skill level 3 in Maces & Flails
  1019 | D:4      | Reached XP level 4. HP: 44/44 MP: 3/3
  1034 | D:3      | HP: 2/44 [poisoned by a killer bee]
  1035 | D:3      | Mangled by a killer bee

Vault maps used:
D:1:      co_arrival_square_in_a_square_in_a_square, minmay_gold_behind_fungi,
          minivault_11
D:2:      ecumenical_altar_1, first_bread, uniq_crazy_yiuf_cottage
D:3:      hangedman_ru_absence
D:4:      lemuel_temple_firewalk, xom_teletrap_fun

Action                   |  1- 3 |  4- 6 || total
-------------------------+-------+-------++-------
Melee: Mace              |   115 |     9 ||   124
  Eat: Bread ration      |     2 |       ||     2
       Chunk             |     1 |       ||     1
